 Dungeon Crawl Stone Soup version 0.18.1-8-gdd0e5ea (webtiles) character file.

224 urechis the Ruffian (level 5, -4/50 HPs)
             Began as a Troll Monk on May 29, 2016.
             Slain by a slave (7 damage)
             ... led by Pikel
             ... on level 6 of the Dungeon.
             The game lasted 00:03:01 (1747 turns).

urechis the Ruffian (Troll Monk)                    Turns: 1747, Time: 00:03:03

Health: -4/50      AC:  5    Str: 19    XL:     5   Next: 67%
Magic:  4/4        EV: 10    Int:  6    God:
Gold:   135        SH:  0    Dex: 13    Spells: 0 memorised, 4 levels left

rFire  . . .     SeeInvis .       - Unarmed
rCold  . . .     Gourm    +     a - +0 robe
rNeg   . . .     Faith    .     (no shield)
rPois  .         Spirit   .     (helmet restricted)
rElec  .         Dismiss  .     (no cloak)
rCorr  .         Reflect  .     (gloves unavailable)
SustAt .         Harm     .     (boots unavailable)
MR     .....                    (no amulet)
Stlth  +.........               (no ring)
                                (no ring)

@: not resistant to hostile enchantments, very unstealthy
A: unfitting armour, claws 3, fast metabolism 3, gourmand, regeneration 2,
shaggy fur 1, tough skin 2
a: no special abilities


You were on level 6 of the Dungeon.
You were not hungry.

You visited 1 branch of the dungeon, and saw 4 of its levels.

You collected 135 gold pieces.

Inventory:

Armour
 a - a +0 robe (worn)
Jewellery
 h - an uncursed amulet of regeneration {unknown}
Scrolls
 k - 3 scrolls of recharging {unknown}
 l - 2 scrolls of identify {unknown}
 m - 2 scrolls of remove curse {unknown}
 n - a scroll of teleportation {unknown}
 o - a scroll of enchant weapon {unknown}
 p - a scroll of magic mapping {unknown}
 q - a scroll of enchant armour {unknown}
Potions
 c - a potion of mutation {unknown}
 d - 2 potions of agility {unknown}
 e - 2 potions of curing
 g - 2 potions of flight {unknown}
 j - a potion of haste {unknown}
Comestibles
 b - 3 bread rations
 f - a royal jelly


   Skills:
 - Level 2.4 Fighting
 - Level 2.4 Dodging
 - Level 1.1 Stealth
 + Level 7.0 Unarmed Combat


You had 4 spell levels left.
You didn't know any spells.

Dungeon Overview and Level Annotations

Branches:
Dungeon (3/15)

Altars:
Xom
Yredelemnul

Annotations:
D:6 Pikel


Innate Abilities, Weirdness & Mutations

You are too large for most types of armour.
You have claws for hands.
Your metabolism is lightning-fast.
You like to eat raw meat.
You heal very quickly.
You are covered in fur (AC +1).
You have very tough skin (AC +2).


Message History

You scratch Pikel.
Pikel is heavily wounded.
Pikel closely misses you. The slave hits you.
* * * LOW HITPOINT WARNING * * *
You claw Pikel!
Pikel is severely wounded.
Pikel hits you with a whip of flaming.
* * * LOW HITPOINT WARNING * * *
Pikel burns you.
* * * LOW HITPOINT WARNING * * *
The slave hits you.
* * * LOW HITPOINT WARNING * * *
You barely miss Pikel.
Pikel is severely wounded.
Pikel hits you with a whip of flaming.
* * * LOW HITPOINT WARNING * * *
Pikel burns you.
* * * LOW HITPOINT WARNING * * *
The slave hits you!
You die...

### ##@#
##pK# #pp##
##.p# #..##
###
##.###....
#.........
##.........
#..........


You could see Pikel and 4 slaves.

Vanquished Creatures
  A giant frog (D:6)
  An orc priest (D:3)
  Natasha (twice) (D:3)
  2 adders
  An ooze (D:2)
  A worm (D:2)
  A dart slug (D:2)
  6 orcs (D:3)
  7 bats
  3 giant cockroaches
  4 goblins
  10 hobgoblins
  2 jackals (D:1)
  8 kobolds
  A quokka (D:3)
  A ball python (D:2)
  2 giant newts
  4 rats
57 creatures vanquished.

Notes
Turn   | Place    | Note
--------------------------------------------------------------
     0 | D:1      | urechis the Troll Monk began the quest for the Orb.
     0 | D:1      | Reached XP level 1. HP: 22/22 MP: 0/0
   205 | D:1      | Reached XP level 2. HP: 29/29 MP: 1/1
   812 | D:2      | Found a basalt altar of Yredelemnul.
   844 | D:2      | Reached skill level 5 in Unarmed Combat
   844 | D:2      | Reached XP level 3. HP: 24/36 MP: 2/2
  1182 | D:3      | Found a shimmering altar of Xom.
  1251 | D:3      | Reached XP level 4. HP: 38/44 MP: 3/3
  1336 | D:3      | Reached skill level 6 in Unarmed Combat
  1475 | D:3      | Noticed Natasha
  1479 | D:3      | Killed Natasha
  1541 | D:3      | Reached XP level 5. HP: 50/50 MP: 4/4
  1551 | D:3      | Noticed Natasha
  1556 | D:3      | Killed Natasha
  1700 | D:3      | You fall through a shaft for 3 floors!
  1700 | D:6      | Noticed Pikel
  1700 | D:6      | Noticed a slave
  1700 | D:6      | Noticed a slave
  1700 | D:6      | Noticed a slave
  1700 | D:6      | Noticed a slave
  1726 | D:6      | Reached skill level 7 in Unarmed Combat
  1747 | D:6      | Slain by a slave

Skill      XL: |  1  2  3  4  5 |
---------------+----------------+-----
Unarmed Combat | 5 6 7 |  7.0
Fighting       | |  2.4
Dodging        | |  2.4
Stealth        | |  1.1

Action                   |  1- 3 |  4- 6 || total
-------------------------+-------+-------++-------
Melee: Unarmed           |    89 |    64 ||   153
  Use: Potion            |       |     3 ||     3
  Eat: Chunk             |     7 |     3 ||    10
       Meat ration       |       |     1 ||     1
Armor: Robe              |    70 |    26 ||    96
Dodge: Dodged            |    76 |    46 ||   122
